 Dungeon Crawl Stone Soup version 0.30.1-9-gdf580d7c3d (webtiles) character file.

Game seed: 16145040137997038033

28693 KittyFluff the Protected (level 13, -5/82 HPs)
             Began as a Gargoyle Berserker on Oct 5, 2023.
             Was a High Priest of Trog.
             Killed from afar by an acid dragon (17 damage)
             ... with a splash of acid
             ... on level 5 of the Lair of Beasts.
             The game lasted 01:15:20 (16639 turns).

KittyFluff the Protected (Gargoyle Berserker)      Turns: 16639, Time: 01:15:21

Health: -5/82      AC: 22    Str: 23    XL:     13   Next: 40%
Magic:  13/13      EV: 19    Int: 13    God:    Trog [*****.]
Gold:   879        SH: 11    Dex: 15    Spells: 12/12 levels left

rFire   + . .        a - +0 mace
rCold   . . .        h - +0 kite shield
rNeg    + + .        r - +3 leather armour {rN+}
rPois   ∞            D - +0 helmet
rElec   +            G - +1 cloak
rCorr   .            d - +0 pair of gloves
SInv    .            i - +2 pair of boots of Doirigog {rElec rF+ Int+4 Dex-2}
Will    .....        (no amulet)
Stlth   +            g - +5 ring of evasion
HPRegen 0.33/turn    m - +6 ring of dexterity
MPRegen 0.13/turn

%: no passive effects
@: corroded, flying, invisible
A: sickness immunity, AC +9, negative energy resistance 1, electricity
resistance, torment resistance 1, petrification resistance
a: Renounce Religion, Berserk, Trog's Hand, Brothers in Arms


You were on level 5 of the Lair of Beasts.
You worshipped Trog.
Trog was extremely pleased with you.
You visited 2 branches of the dungeon, and saw 15 of its levels.
You also visited: Ice Cave.

You collected 879 gold pieces.

Inventory:

Hand Weapons
 a - a +0 mace (weapon)
 o - a +4 antimagic morningstar
 C - a +0 sling
 P - a +7 eveningstar
Missiles
 b - 6 boomerangs
 x - 14 poisoned darts (quivered)
 B - 4 silver boomerangs
 I - a curare-tipped dart
 O - 4 atropa-tipped darts
 Q - 10 javelins
Armour
 d - a +0 pair of gloves (worn)
 f - +1 steam dragon scales
 h - a +0 kite shield (worn)
 i - the +2 pair of boots of Doirigog (worn) {rElec rF+ Int+4 Dex-2}
   (You found it on level 2 of the Dungeon)

   Int:       It affects your intelligence (+4).
   Dex:       It affects your dexterity (-2).
   rF:        It protects you from fire.
   rElec:     It insulates you from electricity.
 k - a scarf of shadows
 r - a +3 leather armour of positive energy (worn)
 s - a +0 tower shield
 D - a +0 helmet (worn)
 G - a +1 cloak (worn)
 K - a +2 robe of willpower
 U - a +0 troll leather armour
 W - a +1 hat of intelligence
Jewellery
 g - a +5 ring of evasion (left hand)
 m - a +6 ring of dexterity (right hand)
 n - a ring of resist corrosion
Wands
 l - a wand of iceblast (8)
 R - a wand of flame (7)
 S - a wand of quicksilver (11)
 V - a wand of mindburst (8)
Scrolls
 j - a scroll of blinking
 p - 3 scrolls of enchant weapon
 w - 3 scrolls of enchant armour
 y - 3 scrolls of silence
 A - 2 scrolls of fog
 E - 2 scrolls of poison
 H - 2 scrolls of magic mapping
 N - a scroll of immolation
Potions
 c - 4 potions of attraction
 e - 4 potions of flight
 q - 4 potions of curing
 t - 3 potions of cancellation
 v - a potion of haste {unknown}
 z - 2 potions of might
 F - 2 potions of resistance {unknown}
 J - a potion of lignification {unknown}
 M - 2 potions of berserk rage {unknown}


   Skills:
 + Level 10.1 Fighting
 * Level 12.4 Maces & Flails
 * Level 13.3 Armour
 + Level 7.4 Dodging
 + Level 9.4 Shields


You had 12 spell levels left.
You didn't know any spells.
Your spell library was empty.

Dungeon Overview and Level Annotations

Branches:
Dungeon (10/15)            Temple (0/1) D:6            Lair (5/5) D:10
 Shoals (0/4) Lair:2       Spider (0/4) Lair:2        Slime (0/5) Lair:4
    Orc (0/2) D:10          IceCv (visited)

Altars:
Ashenzari
Cheibriados
Dithmenos
Kikubaaqudgha
Okawaru
Ru
Sif Muna
Uskayaw
Vehumet
Wu Jian
Xom
Jiyva

Shops:
D:2 *([*[   D:10 !

Annotations:
Lair:3 1 runed translucent door, Cuisch's ghost, journeyman KoBr


Innate Abilities, Weirdness & Mutations

You are immune to sickness and miasma.
Your stone body is resilient. (AC +9)
You are immune to poison.
You resist negative energy. (rN+)
You are resistant to electric shocks. (rElec)
You are resistant to unholy torment.
You are immune to petrification.


Message History

The splash of acid hits you!!
* * * LOW HITPOINT WARNING * * *
The basilisk gazes at you.
You easily resist.
The acid dragon roars!
You feel better.
An iguana comes into view.
Blink to where?
Press: ? - help, Dir - move target
As you read the scroll of blinking, it crumbles to dust.
The acid dragon bites you but does no damage.
You block the acid dragon's attack.
As you read the scroll of fog, it crumbles to dust.
The scroll dissolves into smoke.
You block the acid dragon's attack. The acid dragon closely misses you.
The iguana bites you but does no damage.
You fade into invisibility!
The acid dragon spits acid at you.
The splash of acid hits the iguana!!
The acid corrodes the iguana!
The iguana dies!
You block the acid dragon's attack. x2
Found 25 gold pieces.
The acid dragon bites you.
* * * LOW HITPOINT WARNING * * *
The acid dragon completely misses you. Why would you want to do that?
You feel very buoyant.
You fly up into the air.
You block the acid dragon's attack. The acid dragon misses you.
You hit the acid dragon.
The acid dragon is lightly wounded.
The acid dragon spits acid at you. The splash of acid misses you.
The splash of acid hits the basilisk!!
The acid corrodes the basilisk!
You block the acid dragon's attack.
The acid dragon claws you but does no damage.
The basilisk misses you.
You hear an angry hiss.
The acid dragon spits acid past the acid dragon.
The acid dragon spits acid at you. The splash of acid hits you!
You die...

..~~.~~≈≈≈≈≈≈~~♣..♣
..≈≈~≈≈≈≈~≈≈~~.~P.♣
~≈D~~≈≈D~.≈~..l≈.≈♣
~~~..~~.D.~l♣≈♣≈≈~♣
♣..$...$♣.♣♣♣♣♣≈≈~♣
♣♣♣.!$(.♣♣♣♣~♣~D~.♣
♣(?.((♣♣♣~§♣~..♣♣
♣♣♣.♣♣♣P§§§~l.♣♣
♣♣♣♣§@DD§§♣♣♣
♣§§D§l§.♣
~≈.~§§♣§♣♣ ## #..
...~~ ♣♣♣ #.# ##..
.... ♣#..##... ..♣
♣♣♣♣........ ♣
♣~.~P.......
~~~........
♣~~.......


You could see a basilisk (unable to see you, corroded) and 3 acid dragons.

Vanquished Creatures
  Gastronok (D:10)
  Urug (D:10)
  A skyshark (Lair:5)
  Pikel (D:8)
  The ghost of Kurtz the Cleaver, a novice TeFi of Okawaru (D:7)
  An oklob plant (Lair:4)
  2 ugly things
  A manticore (D:9)
  A cyclops (D:10)
  9 black mambas
  4 cane toads
  Maggie (D:8)
  3 rime drakes
  3 komodo dragons
  2 ice devils (IceCv)
  2 polar bears
  A dream sheep (Lair:3)
  A troll (D:10)
  15 blink frogs
  A snapping turtle (Lair:2)
  34 yaks
  4 humans (D:6)
  3 wyverns
  3 basilisks
  2 steam dragons
  4 wargs (D:10)
  3 vampire mosquitoes (D:10)
  17 water moccasins
  A swamp drake (Lair:4)
  A sky beast (D:7)
  A black bear (D:6)
  4 centaurs
  3 ogres
  11 wolves (Lair:1)
  A phantom (D:5)
  3 kobold brigands
  2 lemures (D:8)
  4 scorpions
  10 bullfrogs
  A cane toad simulacrum (IceCv)
  5 killer bees (D:9)
  8 howler monkeys
  A vampire bat (D:4)
  5 hounds
  5 jellies
  5 orc priests
  A gnoll bouda (D:5)
  6 iguanas
  4 orc wizards
  A troll simulacrum (IceCv)
  9 gnolls
  7 adders
  A naga simulacrum (IceCv)
  A shadow imp (D:8)
  2 white imps (D:6)
  2 ufetubi
  4 worms
  A dart slug (D:3)
  21 orcs
  4 bat skeletons (D:4)
  A bat zombie (D:4)
  11 endoplasms
  2 giant cockroaches
  6 goblins
  7 hobgoblins
  7 jackals
  21 kobolds
  2 quokkas
  6 ball pythons
  5 bats
  3 frilled lizards
  8 rats
336 creatures vanquished.

Vanquished Creatures (others)
  An iguana (Lair:5)
  An orc wizard (D:9)
2 creatures vanquished.

Grand Total: 338 creatures vanquished

Notes
Turn   | Place    | Note
-------+----------+-------------------------------------------
     0 | D:1      | KittyFluff the Gargoyle Berserker began the quest for the
                  | Orb.
     0 | D:1      | Reached XP level 1. HP: 14/14 MP: 1/1
   249 | D:1      | Reached XP level 2. HP: 16/19 MP: 2/2
   755 | D:2      | Found Igasch's Armour Shop.
   818 | D:2      | Reached XP level 3. HP: 20/23 MP: 3/3
   827 | D:2      | Identified the +2 pair of boots of Doirigog {rElec rF+
                  | Int+4 Dex-2}
   931 | D:2      | Found Buatrur's Antique Armour Boutique.
  1083 | D:2      | Found Soepuhyag's Weapon Shoppe.
  1141 | D:2      | Found Xoafo's Assorted Antiques.
  1214 | D:2      | Reached skill level 3 in Armour
  1227 | D:2      | Reached ** piety under Trog
  1232 | D:2      | Reached XP level 4. HP: 14/29 MP: 4/4
  1235 | D:2      | Reached skill level 1 in Shields
  1363 | D:2      | Found Jog Ribi's Assorted Antiques.
  1864 | D:3      | Reached XP level 5. HP: 33/33 MP: 5/5
  2050 | D:3      | Found an ornate altar of the Wu Jian Council.
  2413 | D:4      | Found a hide-covered altar of Uskayaw.
  2606 | D:4      | Found an ancient bone altar of Kikubaaqudgha.
  2663 | D:4      | Reached XP level 6. HP: 38/38 MP: 6/6
  2697 | D:4      | Reached skill level 4 in Armour
  2753 | D:4      | Reached *** piety under Trog
  3142 | D:5      | Entered Level 5 of the Dungeon
  3322 | D:5      | Found a sacrificial altar of Ru.
  3470 | D:5      | Reached XP level 7. HP: 27/43 MP: 7/7
  3549 | D:5      | Found a snail-covered altar of Cheibriados.
  3573 | D:5      | Reached skill level 5 in Maces & Flails
  3732 | D:5      | Found a shadowy altar of Dithmenos.
  3774 | D:5      | Reached skill level 5 in Armour
  4037 | D:5      | Found a broken altar of Ashenzari.
  4161 | D:6      | Reached XP level 8. HP: 43/48 MP: 8/8
  4332 | D:6      | Reached skill level 5 in Fighting
  4466 | D:6      | Reached skill level 6 in Armour
  4544 | D:6      | Found a staircase to the Ecumenical Temple.
  4632 | D:6      | HP: 1/49 [human/+0 club (5)]
  4938 | D:6      | Reached XP level 9. HP: 10/54 MP: 9/9
  5076 | D:6      | Reached skill level 7 in Armour
  5401 | D:7      | Reached **** piety under Trog
  5513 | D:7      | Found a runed translucent door.
  5546 | D:7      | Noticed Kurtz's ghost (novice TeFi)
  5879 | D:7      | Killed Kurtz's ghost
  5880 | D:7      | Reached skill level 8 in Armour
  5880 | D:7      | Reached skill level 5 in Shields
  5994 | D:8      | Noticed Maggie
  6013 | D:8      | Killed Maggie
  6209 | D:8      | Found an iron altar of Okawaru.
  6241 | D:8      | Reached XP level 10. HP: 55/61 MP: 10/10
  6575 | D:8      | Found a shimmering blue altar of Sif Muna.
  6913 | D:8      | Noticed Pikel
  6952 | D:8      | Killed Pikel
  7090 | D:9      | Reached skill level 9 in Armour
  7348 | D:9      | Noticed a cyan ugly thing
  7350 | D:9      | Reached skill level 5 in Dodging
  7371 | D:9      | Killed a cyan ugly thing
  7712 | D:9      | Reached XP level 11. HP: 34/67 MP: 11/11
  7980 | D:9      | Reached skill level 10 in Armour
  7981 | D:9      | Noticed a manticore
  7997 | D:9      | Killed a manticore
  8463 | D:10     | Entered Level 10 of the Dungeon
  8475 | D:10     | Noticed Urug
  8495 | D:10     | Killed Urug
  8702 | D:10     | Found a radiant altar of Vehumet.
  8989 | D:10     | Noticed a white ugly thing
  9015 | D:10     | Killed a white ugly thing
  9161 | D:10     | Found a staircase to the Lair.
  9256 | D:10     | Noticed a cyclops
  9267 | D:10     | Killed a cyclops
  9268 | D:10     | Reached skill level 10 in Maces & Flails
  9551 | D:10     | Found Huisom's Distillery.
  9610 | D:10     | Noticed Gastronok
  9654 | D:10     | Killed Gastronok
  9929 | D:10     | Reached skill level 11 in Armour
  9929 | D:10     | Found a staircase to the Orcish Mines.
 10214 | Lair:1   | Entered Level 1 of the Lair of Beasts
 10272 | Lair:1   | Reached XP level 12. HP: 42/75 MP: 12/12
 10475 | Lair:1   | Found a frozen archway.
 10496 | IceCv    | Entered an ice cave
 10681 | IceCv    | HP: 2/75 [ice devil (15)]
 10832 | IceCv    | Reached ***** piety under Trog
 11547 | Lair:1   | Found a hide-covered altar of Uskayaw.
 11855 | Lair:2   | Reached skill level 12 in Armour
 12069 | Lair:2   | Found a staircase to the Shoals.
 13140 | Lair:2   | Found a hole to the Spider Nest.
 14033 | Lair:3   | Found a runed translucent door.
 14035 | Lair:3   | Found a shimmering altar of Xom.
 14035 | Lair:3   | Noticed Cuisch's ghost (journeyman KoBr)
 14114 | Lair:3   | Reached XP level 13. HP: 47/80 MP: 13/13
 15069 | Lair:4   | Reached skill level 13 in Armour
 15219 | Lair:4   | Found a viscous altar of Jiyva.
 15221 | Lair:4   | Found a staircase to the Slime Pits.
 15641 | Lair:4   | Received a gift from Trog
 15796 | Lair:5   | Entered Level 5 of the Lair of Beasts
 15796 | Lair:5   | Found an iron altar of Okawaru.
 16247 | Lair:4   | Reached skill level 10 in Fighting
 16629 | Lair:5   | Noticed a fire dragon
 16631 | Lair:5   | HP: 4/82 [acid dragon/splash of acid (21)]
 16639 | Lair:5   | Killed from afar by an acid dragon

Illustrated notes

Levels and vault maps discovered:
D:1:      nicolae_arrival_washed_ashore, layout_basic
D:2:      minmay_chambers_of_twos, layout_basic, serial_shops, shop, shop, shop,
          shop, shop, nrook_mini_backslash, kennysheep_cross_room
D:3:      layout_loops_cross, marbit_many_paths
D:4:      wander_river, layout_loops_ring, eat_drink_and_be_merry_uskayaw,
          kennysheep_vampire_church
D:5:      layout_loops_ring, lemuel_doored_altar,
          mainiacjoe_overflow_cross_hatched, evilmike_ruin_ashenzari,
          nicolae_dithmenos_shadow_blocks
D:6:      cheibrodos_thug_alley, layout_cave_pools,
          minmay_temple_entry_crystal_x, minmay_ruffians
D:7:      layout_rooms, hellmonk_ghost_happy_afterlife
D:8:      layout_basic, mainiacjoe_overflow_alcove_1, mainiacjoe_overflow_paths,
          grunt_decor_clamped, uniq_pikel, uniq_maggie
D:9:      layout_basic, minmay_chambers_of_fives
D:10:     layout_roguey, vehumet_altar_wand_db, lair_entry_dummy,
          minmay_orc_entry_guard_dogs, serial_shops, shop, lightli_minifort,
          uniq_urug, uniq_gastronok
Lair:1:   layout_cave_pods, portal_ice_cave_entry_pillars_1, basic_altar,
          lemuel_fruit_fields, grunt_megastairs_2, lemuel_fruit_tree
Lair:2:   wad_woods_pond, layout_chaotic_city, minmay_shoals_entry_hut,
          dummy_spider_entry
Lair:3:   layout_cave_pods, ebering_ghost_xom, lemuel_fruit_fields,
          serial_bayou_shore_a
Lair:4:   layout_loops_ring, nicolae_slime_entry_slimehenge,
          serial_bayou_shore_b, grunt_megastairs_3
Lair:5:   hangedman_lair_caniforms_friends, layout_hall_layers,
          guppyfry_lair_end_dragon, basic_altar

Skill      XL: |  1  2  3  4  5  6  7  8  9 10 11 12 13 |
---------------+----------------------------------------+-----
Armour         | 3 4 5 6 8 9 11 12 13 | 13.3
Dodging        | 2 3 4 5 6 7 |  7.4
Shields        | 1 2 3 4 5 6 7 8 9 |  9.4
Maces & Flails | 4 5 6 8 9 10 11 12 | 12.4
Fighting       | 4 5 6 7 8 9 10 | 10.1

Action                     |  1- 3 |  4- 6 |  7- 9 | 10-12 | 13-15 || total
---------------------------+-------+-------+-------+-------+-------++-------
  Melee: Mace              |    77 |   232 |   554 |  1680 |   455 ||  2998
   Fire: Sling             |       |       |       |     6 |    25 ||    31
  Throw: Dart              |       |       |     3 |    10 |       ||    13
 Invoke: Berserk           |     1 |       |     4 |    10 |     1 ||    16
         Brothers in Arms  |       |       |       |       |     2 ||     2
  Evoke: Wand              |       |       |       |     1 |       ||     1
    Use: Scroll            |       |     5 |     5 |    12 |     5 ||    27
         Potion            |       |       |     1 |     4 |     8 ||    13
 Armour: Animal skin       |    22 |    40 |       |       |       ||    62
         Leather armour    |       |    48 |   207 |   424 |   126 ||   805
  Dodge: Dodged            |    49 |   194 |   404 |  1066 |   305 ||  2018
  Block: Kite shield       |     6 |   111 |   300 |   893 |   245 ||  1555
